 Dungeon Crawl Stone Soup version 0.17-a0-1738-g82cdc46 (webtiles) character file.

171 KambridgeKobold the Skirmisher (level 5, -3/48 HPs)
             Began as a Minotaur Fighter on Aug 30, 2015.
             Slain by an iguana (6 damage)
             ... on level 4 of the Dungeon.
             The game lasted 00:08:50 (3707 turns).

KambridgeKobold the Skirmisher (Minotaur Fighter)   Turns: 3707, Time: 00:08:50

Health: -3/48      AC:  8    Str: 20    XL:     5   Next: 26%
Magic:  4/4        EV:  9    Int:  5    God:
Gold:   254        SH:  0    Dex: 11    Spells: 0 memorised, 4 levels left

rFire  . . .     SeeInvis .     a - +0 trident
rCold  . . .     Clarity  .     b - +0 scale mail
rNeg   . . .     SustAt   .     (no shield)
rPois  .         Gourm    .     (helmet restricted)
rElec  .         Spirit   .     o - +0 cloak
rCorr  .         Warding  .     (no gloves)
rMut   +         Stasis   .     (no boots)
MR     .....                    s - amulet of resist mutation
Stlth  ..........               (no ring)
                                (no ring)

@: not resistant to hostile enchantments, extremely unstealthy
A: retaliatory headbutt, horns 2
a: no special abilities


You were on level 4 of the Dungeon.
You were not hungry.

You visited 1 branch of the dungeon, and saw 4 of its levels.

You collected 254 gold pieces.

Inventory:

Hand weapons
 a - a +0 trident (weapon)
Armour
 b - a +0 scale mail (worn)
 c - a +0 shield
 o - a +0 cloak (worn)
 C - a +0 chain mail
Jewellery
 s - an amulet of resist mutation (around neck)
 v - an uncursed ring of protection from magic {unknown}
Magical devices
 f - a wand of digging (11)
 z - a wand of magic darts (6)
 A - a wand of random effects (23)
Scrolls
 i - 3 scrolls of identify {unknown}
 m - 2 scrolls of noise {unknown}
 n - 2 scrolls of fog {unknown}
 r - 2 scrolls of amnesia {unknown}
 t - 2 scrolls of remove curse {unknown}
 w - a scroll of teleportation {unknown}
 y - a scroll of enchant weapon {unknown}
Potions
 d - a potion of might
 h - a potion of invisibility {unknown}
 l - 2 potions of curing
 p - 3 potions of haste
 q - a potion of degeneration {unknown}
 x - a potion of brilliance {unknown}
 B - a potion of flight {unknown}
Comestibles
 e - 2 bread rations
 g - a fruit
 j - 2 beef jerkies
 k - 2 meat rations
 u - 6 chunks of flesh


   Skills:
 + Level 5.3 Fighting
 + Level 4.1 Polearms
 + Level 5.0 Armour
 - Level 3.6 Shields


You had 4 spell levels left.
You didn't know any spells.

Dungeon Overview and Level Annotations

Branches:
Dungeon (4/15)
 Temple: D:4-7

Altars:
Xom


Innate Abilities, Weirdness & Mutations

You reflexively headbutt those who attack you in melee.
You have a pair of horns on your head.


Message History

The iguana is severely wounded.
The iguana bites you!
You barely miss the iguana.
The iguana is severely wounded.
The iguana bites you!
You barely miss the iguana. Your headbutt misses the iguana.
The iguana is severely wounded.
The iguana bites you.
* * * LOW HITPOINT WARNING * * *
You hit the iguana but do no damage.
The iguana is severely wounded.
The iguana bites you!
* * * LOW HITPOINT WARNING * * *
Drink which item? (? for menu, Esc to quit)
It was a potion of curing.
You feel better. The iguana bites you!
* * * LOW HITPOINT WARNING * * *
You closely miss the iguana.
The iguana is severely wounded.
The iguana bites you.
You die...

######...##..##.##..#.#.....
.........##..##.#.#......#..
######..###..##.##..........
........##............#..###
#######.###########......)..
#.....# #P..P#####.##.....
#.#######.P$.P.# ...#..#..
#.# #PPl.P.# .[....#^# #.###
#P@P.PP# ......... #...#
#..##### .....#.... ###.#
#.###..# #......... #.#
#......# ######.... #.#
####..## ##... #.#
#..####### ##.# #.#
#......... ...# .#####.#####
#.######## #####
............# #.# #


You could see an iguana.

Vanquished Creatures
  An iguana (D:4)
  Robin (D:3)
  4 adders (D:2)
  2 oozes
  2 worms (D:2)
  6 giant geckos
  2 orcs
  A ball python (D:1)
  6 bats
  3 giant cockroaches
  13 goblins
  10 hobgoblins
  7 kobolds
  2 quokkas
  6 giant newts
  6 rats
72 creatures vanquished.

Notes
Turn   | Place    | Note
--------------------------------------------------------------
     0 | D:1      | KambridgeKobold the Minotaur Fighter began the quest for the Orb.
     0 | D:1      | Reached XP level 1. HP: 19/19 MP: 0/0
   205 | D:1      | Reached skill level 4 in Armour
   205 | D:1      | Reached XP level 2. HP: 22/27 MP: 1/1
  1266 | D:2      | Reached XP level 3. HP: 30/33 MP: 2/2
  1885 | D:2      | Reached XP level 4. HP: 41/41 MP: 3/3
  2456 | D:3      | Found a shimmering altar of Xom.
  3075 | D:3      | Reached skill level 5 in Fighting
  3081 | D:3      | Noticed Robin
  3088 | D:3      | Killed Robin
  3524 | D:4      | Reached skill level 5 in Armour
  3524 | D:4      | Reached XP level 5. HP: 34/48 MP: 4/4
  3707 | D:4      | Slain by an iguana

Vault maps used:
D:1:      onia_arrival_mini_maze, st_stairs_9, minmay_crystal_water,
          minmay_misc_feat_four_crosses
D:2:      grunt_ministairs_7
D:3:      nicolae_overflow_hidden_temple, first_bread, uniq_robin
D:4:      minmay_temple_entry_large_hall, minmay_lizard_king

Action                   |  1- 3 |  4- 6 || total
-------------------------+-------+-------++-------
Melee: Trident           |    98 |    97 ||   195
  Use: Potion            |       |     1 ||     1
  Eat: Chunk             |     3 |     6 ||     9
